 Dungeon Crawl Stone Soup version 0.22-a0-253-gf9d0ce5 (webtiles) character file.

67 Kidiri the Magician (level 4, 0/24 HPs)
             Began as a Deep Elf Fire Elementalist on Mar 3, 2018.
             Slain by a leopard gecko (1 damage)
             ... on level 2 of the Dungeon.
             The game lasted 00:07:25 (1866 turns).

Kidiri the Magician (Deep Elf Fire Elementalist)    Turns: 1866, Time: 00:07:26

Health: 0/24       AC:  4    Str:  5    XL:     4   Next: 0%
Magic:  7/12       EV: 13    Int: 21    God:
Gold:   87         SH:  0    Dex: 15    Spells: 3/12 levels left

rFire    . . .     SeeInvis .   j - +0 dagger
rCold    . . .     Gourm    .   (no shield)
rNeg     . . .     Faith    .   a - +0 robe
rPois    .         Spirit   .   p - +0 helmet
rElec    .         Reflect  .   (no cloak)
rCorr    .         Harm     .   g - +0 pair of gloves
MR       .....                  (no boots)
Stlth    ++........             (no amulet)
HPRegen  0.08/turn              (no ring)
MPRegen  0.13/turn              (no ring)

@: slowed, very slow
A: no striking features
a: no special abilities


You were on level 2 of the Dungeon.
You were not hungry.

You visited 1 branch of the dungeon, and saw 2 of its levels.

You collected 87 gold pieces.

Inventory:

Hand Weapons
 j - a +0 dagger (weapon)
Armour
 a - a +0 robe (worn)
 g - a +0 pair of gloves (worn)
 p - a +0 helmet (worn)
Scrolls
 d - 4 scrolls of remove curse {unknown}
 e - 2 scrolls of teleportation {unknown}
 k - a scroll of enchant armour {unknown}
 l - a scroll of identify {unknown}
 n - a scroll of blinking {unknown}
 o - a scroll of random uselessness {unknown}
Potions
 b - a potion of curing {unknown}
 f - a potion of agility {unknown}
 h - a potion of ambrosia {unknown}
 m - a potion of brilliance {unknown}
Comestibles
 c - 4 rations
 i - 4 chunks of flesh


   Skills:
 - Level 2.4 Dodging
 - Level 2.4 Stealth
 * Level 4.7 Spellcasting
 + Level 2.2 Conjurations
 + Level 3.9 Fire Magic


You had 3 spell levels left.
You knew the following spells:

 Your Spells              Type           Power        Failure   Level  Hunger
a - Flame Tongue          Conj/Fire      ###..        3%          1    None
b - Throw Flame           Conj/Fire      ###...       4%          2    #......
c - Conjure Flame         Conj/Fire      ###.....     10%         3    ##.....
d - Inner Flame           Hex/Fire       ##......     14%         3    ##.....


Dungeon Overview and Level Annotations

Branches:
Dungeon (2/15)

Altars:

Annotations:
D:2 Natasha


Message History

Confirm with . or Enter, or press ? or * to list all spells.
Aiming: Flame Tongue (safe; 3% risk of failure)
Press: ? - help, Shift-Dir - straight line, f/p - Natasha
Aim: Natasha (lightly wounded)
The flame tongue hits Natasha.
Natasha is moderately wounded.
Natasha closely misses you.
Casting: Flame Tongue (safe; 3% risk of failure)
Confirm with . or Enter, or press ? or * to list all spells.
Aiming: Flame Tongue (safe; 3% risk of failure)
Press: ? - help, Shift-Dir - straight line, f/p - Natasha
Aim: Natasha (moderately wounded)
The flame tongue hits Natasha.
Natasha is almost dead.
Natasha claws you! The leopard gecko bites you. Natasha casts a spell at you.
The magic dart hits you!
* * * LOW HITPOINT WARNING * * *
The leopard gecko bites you.
You die...

..#........#
..#........#
..#........#
..#........#
..#....)...#############
..#........#............
..#........#............
..#........#.......[....
................@h......
.................l......
........................
........................
.......#####............
.......# #........?..!
.......# #............
.......# #............
.......# #............


You could see Natasha and a leopard gecko.

Vanquished Creatures
  2 adders (D:2)
  2 worms (D:2)
  2 dart slugs (D:2)
  3 leopard geckos
  A giant cockroach (D:1)
  4 hobgoblins
  5 kobolds
  4 bats
  5 frilled lizards
  6 goblins
  4 rats
38 creatures vanquished.

Notes
Turn   | Place    | Note
-------+----------+-------------------------------------------
     0 | D:1      | Kidiri the Deep Elf Fire Elementalist began the quest for the Orb.
     0 | D:1      | Reached XP level 1. HP: 10/10 MP: 6/6
   147 | D:1      | Reached XP level 2. HP: 9/15 MP: 3/8
   258 | D:1      | Learned a level 2 spell: Throw Flame
  1045 | D:2      | Reached skill level 4 in Spellcasting
  1111 | D:2      | Reached XP level 3. HP: 18/19 MP: 6/10
  1371 | D:1      | Learned a level 3 spell: Conjure Flame
  1375 | D:1      | Learned a level 3 spell: Inner Flame
  1859 | D:2      | Reached XP level 4. HP: 23/24 MP: 9/12
  1860 | D:2      | Noticed Natasha
  1866 | D:2      | HP: 1/24 [Natasha/magic dart (7)]
  1866 | D:2      | Slain by a leopard gecko

Vault maps used:
D:1:      tarquinn_simple_flora_water_e
D:2:      uniq_natasha

Skill      XL: |  1  2  3 |
---------------+----------+-----
Spellcasting   | 4 |  4.7
Conjurations   | 2 |  2.2
Dodging        | |  2.4
Stealth        | |  2.4
Fire Magic     | |  3.9

Action                   |  1- 3 |  4- 6 || total
-------------------------+-------+-------++-------
Melee: Mace              |     1 |       ||     1
       Dagger            |    12 |       ||    12
       Whip              |     1 |       ||     1
 Cast: Flame Tongue      |    65 |     4 ||    69
 Stab: Sleeping          |     5 |       ||     5
  Eat: Chunk             |     3 |       ||     3
Armor: Robe              |    13 |     1 ||    14
Dodge: Dodged            |    53 |     1 ||    54

Table legend:
 A = Spawn XP
 B = Non-spawn XP
 C = Spawn XP percentage of total XP
 D = Spawn monster count
 E = Non-spawn monster count
 F = Spawn count percentage of total count
 G = Total turns spent on level
                    A         B        C        D         E        F      G
               +---------+---------+-------+---------+---------+-------+---------
         Total |       0 |      97 |   0.0 |       0 |      38 |   0.0 |  1866
               +---------+---------+-------+---------+---------+-------+---------
           D:1 |       0 |      26 |   0.0 |       0 |      17 |   0.0 |  1110
           D:2 |       0 |      71 |   0.0 |       0 |      21 |   0.0 |   756
               +---------+---------+-------+---------+---------+-------+---------
